 Dungeon Crawl Stone Soup version 0.30-a0-585-g93115170b9 (webtiles) character file.

Game seed: 14475813908414108034

102272 wormed the Unseen (level 16, -19/108 HPs)
             Began as a Kobold Delver on Jan 1, 2023.
             Was a Follower of Uskayaw.
             Killed from afar by Nikola (127 damage)
             ... with an arc of chain lightning
             ... on level 2 of the Spider Nest.
             The game lasted 00:49:36 (26686 turns).

wormed the Unseen (Kobold Delver)                  Turns: 26686, Time: 00:49:37

Health: -19/108    AC: 17    Str: 10    XL:     16   Next: 85%
Magic:  26/26      EV: 28    Int: 12    God:    Uskayaw [*.....]
Gold:   2089       SH:  7    Dex: 23    Spells: 15/15 levels left

rFire   . . .      SeeInvis +    J - +5 dagger "Zoomuiv" {freeze, rN+}
rCold   . . .      Faith    +    O - +0 buckler
rNeg    + . .      Spirit   .    z - +4 troll leather armour
rPois   +          Reflect  .    y - +2 hat {SInv}
rElec   .          Harm     +    j - +2 cloak of the Evening {Harm}
rCorr   .          Rampage  +    A - +1 pair of gloves
Will    +....                    v - +1 pair of boots {rampage}
Stlth   +++++++++                R - amulet of faith
HPRegen 1.18/turn                L - ring of poison resistance
MPRegen 0.20/turn                (no ring)

@: no status effects
A: small, no large weapons, nightstalker 3
a: Renounce Religion, Stomp


You were on level 2 of the Spider Nest.
You worshipped Uskayaw.
Uskayaw was pleased with you.
You visited 5 branches of the dungeon, and saw 25 of its levels.
You also visited: Bailey.

You collected 2518 gold pieces.
You spent 429 gold pieces at shops.

Inventory:

Hand Weapons
 q - the +6 short sword of Dolaxor {antimagic, Str+4}
   (You bought it in a shop on level 1 of the Dungeon)

   It reduces the magical energy of the wielder, and disrupts the spells and
   magical abilities of those it strikes.
   Natural abilities and divine invocations are not affected.
   Str:       It affects your strength (+4).
 J - the +5 dagger "Zoomuiv" (weapon) {freeze, rN+}
   (You bought it in a shop on level 1 of the Dungeon)

   It freezes those it strikes, dealing additional cold damage.
   It can also slow down cold-blooded creatures.
   rN:        It protects you from negative energy.
Missiles
 V - 3 curare-tipped darts (quivered)
Armour
 j - the +2 cloak of the Evening (worn) {Harm}
   (You found it on level 8 of the Dungeon)

   Harm:      It increases damage dealt and taken.
 v - a +1 pair of boots of rampaging (worn)
 y - a +2 hat of see invisible (worn)
 z - a +4 troll leather armour (worn)
 A - a +1 pair of gloves (worn)
 O - a +0 buckler (worn)
Jewellery
 d - a ring of resist corrosion
 i - a ring of positive energy
 L - a ring of poison resistance (left hand)
 P - a ring of protection from fire
 R - an amulet of faith (around neck)
 X - a ring of protection from cold
Wands
 g - a wand of digging (5)
 n - a wand of quicksilver (22)
 t - a wand of flame (52)
 H - a wand of roots (19)
 I - a wand of polymorph (13)
 Y - a wand of paralysis (18)
Scrolls
 c - 4 scrolls of brand weapon
 e - 8 scrolls of enchant weapon
 h - 2 scrolls of blinking
 k - 3 scrolls of torment
 l - a scroll of poison
 o - 8 scrolls of amnesia
 w - a scroll of noise {unknown}
 C - 5 scrolls of identify
 F - 4 scrolls of magic mapping
 G - 7 scrolls of teleportation
 K - 2 scrolls of fog
 M - 2 scrolls of butterflies
 Q - 3 scrolls of fear
 Z - 5 scrolls of silence
Potions
 a - 6 potions of cancellation
 b - 2 potions of heal wounds
 f - 8 potions of degeneration
 m - 4 potions of might
 p - 5 potions of brilliance
 r - a potion of flight
 s - 6 potions of lignification
 u - 6 potions of mutation
 x - 5 potions of attraction
 D - 8 potions of curing
 E - 6 potions of resistance
 S - 6 potions of haste
 T - a potion of magic
 U - a potion of berserk rage
 W - a potion of ambrosia


   Skills:
 + Level 15.1 Fighting
 * Level 12.2 Short Blades
 + Level 16.2 Dodging
 + Level 19.7 Stealth
 * Level 5.6 Shields
 + Level 14.5 Invocations


You had 15 spell levels left.
You didn't know any spells.
Your spell library contained the following spells:

 Spells                   Type           Power      Damage    Failure   Level
 Apportation              Tloc           0%         N/A       54%         1
 Foxfire                  Conj/Fire      0%         2x1d4     54%         1
 Magic Dart               Conj           0%         1d3       54%         1
 Call Imp                 Summ           0%         N/A       67%         2
 Cigotuvi's Dreadful Rot  Necr/Pois/Air  0%         N/A       67%         2
 Ensorcelled Hibernation  Hex/Ice        0%         N/A       67%         2
 Poisonous Vapours        Pois/Air       0%         N/A       67%         2
 Scorch                   Fire           0%         2d5       67%         2
 Static Discharge         Conj/Air       0%         2-2/arc   67%         2
 Dazzling Flash           Conj/Hex       0%         N/A       88%         3
 Gell's Gravitas          Tloc           0%         N/A       88%         3
 Ignite Poison            Fire/Tmut/Pois 0%         N/A       88%         3
 Kindle Blastsparks       Fire/Tloc/Air  0%         2d10      88%         3
 Lesser Beckoning         Tloc           0%         N/A       88%         3
 Mephitic Cloud           Conj/Pois/Air  0%         N/A       88%         3
 Spider Form              Tmut/Pois      0%         N/A       88%         3
 Teleport Other           Tloc           0%         N/A       88%         3
 Vhi's Electric Charge    Tloc/Air       0%         N/A       88%         3
 Airstrike                Air            0%         2d(0-16)  99%         4
 Anguish                  Hex/Necr       0%         N/A       99%         4
 Dispel Undead            Necr           0%         3d6       99%         4
 Flame Wave               Conj/Fire      0%         2d4       99%         4
 Fulminant Prism          Conj/Hex       0%         3d5       99%         4
 Iskenderun's Mystic Bla  Conj/Tloc      0%         2d3       99%         4
 Summon Lightning Spire   Summ/Air       0%         N/A       99%         4
 Agony                    Necr           0%         N/A       100%        5
 Alistair's Intoxication  Tmut/Pois      0%         N/A       100%        5
 Arcjolt                  Conj/Air       0%         1d10      100%        5
 Fireball                 Conj/Fire      0%         3d3       100%        5
 Freezing Cloud           Conj/Ice/Air   0%         6-21      100%        5
 Lee's Rapid Deconstruct  Erth           0%         3d4*      100%        5
 Lightning Bolt           Conj/Air       0%         1d11      100%        5
 Silence                  Hex/Air        0%         N/A       100%        5
 Death Channel            Necr           0%         N/A       100%        6
 Starburst                Conj/Fire      0%         6d3       100%        6
 Summon Cactus Giant      Summ           0%         N/A       100%        6
 Fire Storm               Conj/Fire      0%         5d1       100%        9


Dungeon Overview and Level Annotations

Branches:
Dungeon (15/15)            Temple (1/1) D:4            Lair (5/5) D:8
  Swamp (0/4) Lair:3       Spider (2/4) Lair:2        Slime (0/5) Lair:5
    Orc (2/2) D:9             Elf (0/3) Orc:2        Vaults (0/5) D:14
 Depths (0/4) D:15         Bailey (visited)

Altars:
Ashenzari
Cheibriados
Dithmenos
Elyvilon
Gozag
Hepliaklqana
Kikubaaqudgha
Makhleb
Nemelex Xobeh
Okawaru
Qazlal
Ru
Sif Muna
Trog
Uskayaw
Vehumet
Wu Jian
Xom
Yredelemnul
Zin
The Shining One
Jiyva

Shops:
D:1 (   D:8 (   D:9 ?   D:12 (   Orc:2 (=!*

Annotations:
D:15 Roxanne
Spider:2 Nikola


Innate Abilities, Weirdness & Mutations

You are small and have problems with some larger weapons.
You are completely attuned to the shadows.


Message History

The culicivora simulacrum is moderately damaged.
Nikola asks, "Are you insulated?"
Nikola gestures wildly while chanting.
Lightning arcs from Nikola's hands!
The bolt of lightning hits the jumping spider!!!
The jumping spider dies!
A bolt of lightning appears from out of thin air!
The bolt of lightning hits the culicivora simulacrum!!!
The culicivora simulacrum vaporises!
The bolt of lightning hits you!!!
* * * LOW HITPOINT WARNING * * *
The bolt of lightning hits Nikola.
Uskayaw will force your foes to share their pain.
Blink to where?
Press: ? - help, Dir - move target, f - you
Okay, then.
Okay, then.
Blink to where?
Press: ? - help, Dir - move target
As you read the scroll of blinking, it crumbles to dust.
You can no longer pass through a line of other dancers.
You start resting.
HP restored.
S - 6 potions of haste (gained 1)
Found a ring of resist corrosion.
There is an escape hatch in the ceiling here.
You see here 7 stones.
Found a club.
Throw: throwing net
Press: ? - help, Q - select action, (/) - cycle Shift-Dir - straight line, f - Nikola
Aim: Nikola, wielding a +4 rapier of electrocution, wearing a +0 cloak and wearing a +1 pair of gloves of dexterity (wandering, hasn't noticed you, 73% to hit)
You throw a throwing net. The throwing net hits Nikola.
Nikola is caught in the net!
Nikola shouts!
Nikola struggles against the net.
You rampage towards Nikola!
Nikola casts a spell.
Lightning arcs from Nikola's hands!
The bolt of lightning hits you!!!!
Ouch! That really hurt!
You die...

..##....#...####....#....#
...##...#..##..##........##
....##..##......#........^##
...##...#.......#..........####
#:.#....#.......##^.....#...#.##
#.......##.....#####....##.....#
#.......#....###...##..###....##
#####..##....##@..).#### ##...#
##..####....##..@....#####....##
.....##....##........#..#.....^#
........#.##...#.....#.....#..##
.##....#### ..#####......######
######## .. #.....## # ##....# #
#....## #...## ##^.#


You could see Nikola (caught).

Vanquished Creatures
  Rupert (D:13)
  Frances (D:13)
  Agnes (Spider:1)
  Gastronok (D:11)
  An emperor scorpion (Spider:2)
  The ghost of Heh the Frost Mage, a journeyman OpGl of Okawaru (Lair:3)
  The ghost of Theoretic the Destroyer, a journeyman DrFE of Vehumet (Orc:1)
  Nessos (D:13)
  An ettin (D:15)
  A fire dragon (Lair:5)
  An entropy weaver (Spider:2)
  A vault guard (D:14)
  4 hydras
  4 ogre magi (Orc:2)
  4 boulder beetles
  Erica (Lair:1)
  19 two-headed ogres
  A death knight (D:15)
  3 centaur warriors
  3 tengu warriors (D:15)
  Urug (Lair:1)
  Nergalle (D:12)
  Sonja (Lair:1)
  A sun moth (Spider:2)
  A fire crab (Lair:5)
  4 orb spiders
  5 pharaoh ants
  A skeletal warrior (D:15)
  A deep troll (D:15)
  A bog body (Lair:3)
  A steelbarb worm (Spider:2)
  A lindwurm (Lair:4)
  2 deep elf pyromancers
  2 orc sorcerers (Orc:1)
  12 ugly things
  2 orc knights (Bailey)
  4 wolf spiders
  A wolf spider (shapeshifter) (D:15)
  2 manticores (D:15)
  13 elephants
  5 cyclopes
  2 molten gargoyles (Lair:5)
  9 black mambas
  Maurice (D:11)
  3 torpor snails
  2 unseen horrors
  5 cane toads
  2 gargoyles
  3 kobold demonologists
  2 efreet (D:15)
  A rime drake (shapeshifter) (D:15)
  2 rime drakes
  6 komodo dragons
  3 tengu conjurers
  6 meliai (Spider:1)
  5 trolls
  A polar bear (Lair:4)
  2 tarantellas
  A jumping spider (shapeshifter) (D:15)
  Sigmund (D:3)
  8 jumping spiders (Spider:1)
  19 slime creatures
  5 shadows
  A centaur simulacrum (D:15)
  4 culicivoras
  A vampire (D:12)
  6 wyverns
  A human (shapeshifter) (D:13)
  4 wraiths
  29 yaks
  Eustachio (D:4)
  5 vampire mosquitoes (D:14)
  9 basilisks
  3 steam dragons (Lair:5)
  2 wargs (Orc:2)
  10 redbacks
  3 acid dragons
  3 hell hounds (Lair:5)
  8 water moccasins
  2 black bears (shapeshifter)
  4 sky beasts
  27 ogres
  An ice beast (D:8)
  A black bear (D:6)
  27 orc warriors
  8 wolves (Orc:2)
  4 centaurs
  A phantom (D:6)
  A kobold brigand (D:10)
  2 bullfrogs
  3 scorpions
  13 wights
  3 howler monkeys
  5 lava snakes (Lair:5)
  A jelly (D:8)
  16 orc priests
  2 iguanas
  21 orc wizards
  2 adders
  A shadow imp (D:8)
  A white imp (D:7)
  An ufetubus (D:6)
  2 worms (D:3)
  A dart slug (D:2)
  94 orcs
  8 endoplasms
  2 giant cockroaches (D:1)
  5 goblins
  10 hobgoblins
  2 jackals (D:1)
  15 kobolds
  3 quokkas (D:4)
  6 ball pythons
  4 bats
  4 frilled lizards (D:1)
  5 rats
600 creatures vanquished.

Vanquished Creatures (others)
  A jumping spider (Spider:2)
  16 fungi
  17 plants
34 creatures vanquished.

Grand Total: 634 creatures vanquished

Notes
Turn   | Place    | Note
-------+----------+-------------------------------------------
     0 | D:5      | wormed the Kobold Delver began the quest for the Orb.
     0 | D:5      | Reached XP level 1. HP: 14/14 MP: 1/1
     7 | D:5      | Noticed a howler monkey
     8 | D:5      | Noticed a scorpion
    69 | D:4      | Noticed a scorpion
   126 | D:3      | Noticed an orc priest
   129 | D:3      | Reached XP level 2. HP: 19/19 MP: 2/2
   684 | D:2      | Reached XP level 3. HP: 23/23 MP: 3/3
  1469 | D:1      | Found Wicizan's Antique Weapon Shop.
  1554 | D:1      | Reached skill level 7 in Stealth
  1561 | D:1      | Reached XP level 4. HP: 27/29 MP: 4/4
  2357 | D:3      | Found a burning altar of Makhleb.
  2670 | D:1      | Bought a fading short sword for 216 gold pieces
  2670 | D:1      | Identified the +6 short sword of Dolaxor {antimagic, Str+4}
                  | (You bought it in a shop on level 1 of the Dungeon)
  3055 | D:3      | Reached XP level 5. HP: 20/33 MP: 1/5
  3179 | D:3      | Found a faded altar of an unknown god.
  3243 | D:3      | Noticed Sigmund
  3245 | D:3      | Killed Sigmund
  3246 | D:3      | Reached skill level 5 in Short Blades
  3246 | D:3      | Reached XP level 6. HP: 39/39 MP: 2/6
  3572 | D:4      | Found a staircase to the Ecumenical Temple.
  3578 | Temple   | Entered the Ecumenical Temple
  3876 | D:4      | Identified the +1 scale mail "Vubez Vazxo" {rCorr}
  3960 | D:4      | Reached XP level 7. HP: 26/44 MP: 2/7
  4197 | D:4      | Noticed Eustachio
  4202 | D:4      | Killed Eustachio
  4203 | D:4      | Reached skill level 8 in Stealth
  4353 | D:5      | Reached skill level 5 in Fighting
  4466 | D:5      | Noticed a water moccasin
  4556 | D:5      | Reached XP level 8. HP: 39/49 MP: 2/8
  4667 | D:5      | Reached skill level 5 in Dodging
  5246 | D:6      | Reached skill level 9 in Stealth
  5800 | D:6      | Reached XP level 9. HP: 55/55 MP: 3/9
  6666 | D:7      | Reached skill level 10 in Stealth
  6925 | D:7      | Reached skill level 10 in Short Blades
  6995 | D:7      | Found a glowing silver altar of Zin.
  7222 | D:1      | Bought a shimmering dagger for 189 gold pieces
  7222 | D:1      | Identified the +5 dagger "Zoomuiv" {freeze, rN+} (You
                  | bought it in a shop on level 1 of the Dungeon)
  7431 | D:8      | Found Sippit's Antique Weapon Shoppe.
  7435 | D:8      | Noticed a hornet
  7438 | D:8      | a hornet changed into a rime drake
  7438 | D:8      | Noticed a rime drake
  7445 | D:8      | Killed a rime drake
  7446 | D:8      | Reached skill level 1 in Invocations
  7700 | D:8      | Found a flagged portal.
  7768 | Bailey   | Entered a bailey
  8023 | Bailey   | Noticed an orc knight
  8023 | Bailey   | Noticed an orc knight
  8065 | Bailey   | Reached XP level 10. HP: 18/63 MP: 10/19
  8348 | Bailey   | Reached XP level 11. HP: 67/67 MP: 20/20
  8574 | Bailey   | Killed an orc knight
  8756 | Bailey   | Killed an orc knight
  8831 | Bailey   | Reached skill level 11 in Stealth
  9392 | D:8      | Found a hide-covered altar of Uskayaw.
  9406 | D:8      | Became a worshipper of Uskayaw the Reveller
  9412 | D:8      | Found a sacrificial altar of Ru.
  9412 | D:8      | Found a broken altar of Ashenzari.
  9538 | D:8      | Reached * piety under Uskayaw
  9539 | D:8      | Reached ** piety under Uskayaw
  9843 | D:8      | Found a runed translucent door.
 10230 | D:8      | Found a staircase to the Lair.
 10252 | D:8      | Reached *** piety under Uskayaw
 10664 | D:8      | Reached **** piety under Uskayaw
 10667 | D:8      | Reached ***** piety under Uskayaw
 10689 | D:8      | Reached ****** piety under Uskayaw
 10741 | D:8      | Identified the +2 cloak of the Evening {Harm}
 10873 | D:9      | Found a bloodstained altar of Trog.
 10908 | D:9      | Found a sparkling altar of Nemelex Xobeh.
 11088 | D:9      | Found a staircase to the Orcish Mines.
 11708 | D:9      | Found Liwos's Magic Scroll Shoppe.
 11742 | D:9      | Bought a scroll of identify for 24 gold pieces
 12158 | D:10     | Entered Level 10 of the Dungeon
 12175 | D:10     | Reached skill level 12 in Stealth
 12458 | D:10     | Reached XP level 12. HP: 66/76 MP: 21/21
 12726 | D:11     | Noticed Maurice
 12737 | D:11     | Killed Maurice
 12768 | D:11     | Noticed Gastronok
 12772 | D:11     | Killed Gastronok
 12773 | D:11     | Reached skill level 10 in Dodging
 12773 | D:11     | Reached skill level 13 in Stealth
 13081 | D:11     | Found a broken altar of Ashenzari.
 13131 | D:11     | Noticed a two-headed ogre
 13133 | D:11     | Killed a two-headed ogre
 13211 | D:11     | Noticed a two-headed ogre
 13215 | D:11     | Killed a two-headed ogre
 13216 | D:11     | Reached skill level 10 in Fighting
 13536 | D:12     | Noticed a two-headed ogre
 13540 | D:12     | Killed a two-headed ogre
 13567 | D:12     | Reached skill level 14 in Stealth
 13681 | D:12     | Found Datrem's Weapon Shop.
 13687 | D:12     | Noticed Nergalle
 13691 | D:12     | Killed Nergalle
 14025 | D:13     | Reached XP level 13. HP: 83/83 MP: 22/22
 14110 | D:13     | Noticed Rupert
 14114 | D:13     | Killed Rupert
 14115 | D:13     | Reached skill level 15 in Stealth
 14209 | D:13     | Noticed Nessos
 14234 | D:13     | Killed Nessos
 14243 | D:13     | Noticed a centaur warrior
 14252 | D:13     | Killed a centaur warrior
 14354 | D:13     | Noticed an eight-headed hydra
 14363 | D:13     | Killed an eight-headed hydra
 14540 | D:13     | Noticed Frances
 14549 | D:13     | Killed Frances
 14761 | D:14     | Noticed a centaur warrior
 14765 | D:14     | Killed a centaur warrior
 14926 | D:14     | Reached skill level 16 in Stealth
 15465 | D:14     | Reached XP level 14. HP: 73/92 MP: 23/23
 15977 | D:14     | Found a gate to the Vaults.
 16274 | Lair:1   | Entered Level 1 of the Lair of Beasts
 16476 | Lair:1   | Noticed Sonja
 16478 | Lair:1   | Noticed Urug
 16481 | Lair:1   | Killed Sonja
 16486 | Lair:1   | Killed Urug
 16501 | Lair:1   | Reached skill level 17 in Stealth
 16547 | Lair:1   | Noticed Erica
 16565 | Lair:1   | Killed Erica
 17023 | Lair:2   | Found a hole to the Spider Nest.
 17666 | Lair:2   | Found a bloodstained altar of Trog.
 18250 | Lair:3   | Found a staircase to the Swamp.
 18355 | Lair:3   | Found a runed translucent door.
 18457 | Lair:3   | Noticed Heh's ghost (journeyman OpGl)
 18907 | Lair:3   | Killed Heh's ghost
 19482 | Lair:4   | Found a transporter.
 19484 | Lair:4   | Found a transporter.
 19704 | Lair:4   | Reached skill level 18 in Stealth
 19756 | Lair:5   | Entered Level 5 of the Lair of Beasts
 19976 | Lair:5   | Found a viscous altar of Jiyva.
 19977 | Lair:5   | Found a staircase to the Slime Pits.
 20136 | Lair:5   | Reached XP level 15. HP: 51/100 MP: 19/24
 20648 | Lair:5   | Reached skill level 15 in Dodging
 20787 | Lair:5   | Found a large runed translucent door.
 20788 | Lair:5   | Found a large runed translucent door.
 21512 | D:15     | Entered Level 15 of the Dungeon
 21537 | D:15     | Found a staircase to the Depths.
 21834 | D:15     | Reached skill level 1 in Shields
 22077 | D:15     | Reached skill level 19 in Stealth
 22090 | D:15     | Noticed Roxanne
 22816 | Orc:1    | Entered Level 1 of the Orcish Mines
 23147 | Orc:1    | Found a runed translucent gate.
 23147 | Orc:1    | Found a runed translucent gate.
 23147 | Orc:1    | Found a runed translucent gate.
 23151 | Orc:1    | Noticed Theoretic's ghost (journeyman DrFE)
 23598 | Orc:1    | Killed Theoretic's ghost
 23660 | Orc:2    | Entered Level 2 of the Orcish Mines
 23789 | Orc:2    | Found a staircase to the Elven Halls.
 24365 | Orc:2    | Reached XP level 16. HP: 80/107 MP: 26/26
 24492 | Orc:2    | Found Qelegei's Distillery.
 24492 | Orc:2    | Found Yrraott's Antique Weapon Emporium.
 24493 | Orc:2    | Found Vakhloaf's General Store.
 24493 | Orc:2    | Found Meisie Goef's Jewellery Shop.
 25117 | Spider:1 | Entered Level 1 of the Spider Nest
 25361 | Spider:1 | Reached skill level 15 in Fighting
 25503 | Spider:1 | Noticed Agnes
 25506 | Spider:1 | Killed Agnes
 25507 | Spider:1 | Reached skill level 5 in Shields
 26081 | Spider:2 | Got Sif Muna's Disquisition on Impure Bolts
 26320 | Spider:2 | Noticed an emperor scorpion
 26324 | Spider:2 | Killed an emperor scorpion
 26415 | Spider:2 | Noticed Nikola
 26686 | Spider:2 | Killed from afar by Nikola

Illustrated notes

Levels and vault maps discovered:
D:1:      psy_arrival_spokes, layout_basic, serial_shops, shop
D:2:      layout_basic, minivault_26
D:3:      layout_loops_ring, amcnicky_altar_gilded,
          cheibrodos_sewer_entry_drain, chequers_ecumenical_altar_lobes,
          grunt_decor_junction, uniq_sigmund
D:4:      layout_rooms, minmay_temple_entry_trees, uniq_eustachio
D:5:      layout_cave_pools
D:6:      layout_cave_pools, hangedman_decor_clover_reticule,
          kennysheep_small_spiral, minivault_27, lightli_orcish_oven
D:7:      layout_loops_ring, mainiacjoe_overflow_concentric_impassable,
          lemuel_tele_altar
D:8:      layout_basic, minitemple, erik_lair_dragon, enter_bailey_5,
          minmay_shop_grid_forest, lightli_church_of_beogh
D:9:      layout_stronghold, mainiacjoe_overflow_two_lobes, orc_0_dummy,
          serial_shops, nicolae_inconvenience_store
D:10:     layout_rooms
D:11:     layout_loops_cross, ashenzari_altar_1, uniq_maurice, uniq_gastronok
D:12:     layout_cave_pools, serial_shops, nicolae_diamond_shop, uniq_nergalle
D:13:     layout_cave_pools, uniq_rupert, uniq_nessos, uniq_frances
D:14:     cheibrodos_elevator_heist, layout_grid_maze, david_vaults_5,
          dreamdust_wishing_well, corexii_hall_statues_u
D:15:     hangedman_depths_entry_civil_slaughter, layout_irregular_city,
          serial_column_ruins, column_ruins_circle_medium,
          column_ruins_hut_ruined, column_ruins_open_medium,
          column_ruins_grid_1, column_ruins_open_small,
          column_ruins_open_tiny_water, column_ruins_open_medium,
          column_ruins_grid_3, uniq_roxanne
Temple:   minmay_temple_curvy_branch
Lair:1:   layout_misc_corridors, uniq_urug, uniq_sonja, uniq_erica
Lair:2:   layout_long_grid, spider_nest_entry_rubble, basic_altar,
          grunt_megastairs_5, serial_bayou_shore_a
Lair:3:   layout_loops_ring, skrybe_swamp_entry_bodies,
          hellmonk_ghost_happy_afterlife, chequers_serial_rivers_micro_b,
          lemuel_fruit_fields
Lair:4:   gammafunk_boulding_lane, layout_misc_corridors
Lair:5:   cheibrodos_lair_end_hotspot, layout_gridlike, dpeg_slime_entry_corner
Spider:1: layout_spider_delve, uniq_agnes
Spider:2: layout_spider_delve, uniq_nikola
Orc:1:    layout_caves, gammafunk_ghost_split, nicolae_orc_stony_grotto
Orc:2:    st_orc_ogre_mass, layout_diamond_mine, mines5_lemuel

Skill      XL: |  1  2  3  4  5  6  7  8  9 10 11 12 13 14 15 16 |
---------------+-------------------------------------------------+-----
Short Blades   | 3 4 5 6 7 8 10 12 | 12.2
Dodging        | 3 4 6 7 9 11 13 14 15 16 | 16.2
Stealth        | 7 8 9 10 12 14 16 18 19 | 19.7
Fighting       | 4 5 6 7 9 10 12 13 14 15 | 15.1
Invocations    | 12 13 14 | 14.5
Shields        | 3 5 |  5.6

Action                   |  1- 3 |  4- 6 |  7- 9 | 10-12 | 13-15 | 16-18 || total
-------------------------+-------+-------+-------+-------+-------+-------++-------
Melee: Short sword       |    56 |    81 |   149 |       |       |       ||   286
       Dagger            |       |    10 |    51 |   428 |   820 |   267 ||  1576
       Punch             |       |     1 |     1 |     8 |     9 |       ||    19
Throw: Dart              |       |       |       |    11 |       |       ||    11
       Throwing net      |       |       |       |       |       |     1 ||     1
Invok: Line Pass         |       |       |       |     2 |     8 |     1 ||    11
       Grand Finale      |       |       |       |       |     2 |     4 ||     6
Evoke: Wand              |       |     2 |     8 |     6 |       |       ||    16
  Use: Scroll            |     2 |       |     9 |    19 |     6 |     3 ||    39
       Potion            |       |     1 |     5 |     6 |     1 |       ||    13
 Stab: Sleeping          |    20 |    20 |    20 |    22 |    82 |    20 ||   184
       Distracted        |       |       |     1 |     1 |     7 |     4 ||    13
       Invisible         |       |       |     4 |       |       |       ||     4
       Paralysed         |       |       |     1 |    20 |    53 |    22 ||    96
       Confused          |       |       |       |     1 |     5 |     1 ||     7
Armor: Leather armour    |     3 |    17 |    16 |     9 |       |       ||    45
       Troll leather arm |       |       |       |    38 |   116 |    19 ||   173
Dodge: Dodged            |    17 |    58 |   127 |   203 |   514 |   123 ||  1042
Block: Buckler           |       |       |       |       |    47 |    39 ||    86

Table legend: (Time is in decaauts)
 A = Elapsed time spent in this place.
 B = Non-inter-level travel time spent in this place.
 C = Inter-level travel time spent in this place.
 D = Time resting spent in this place.
 E = Time spent auto-exploring this place.
 F = Levels seen in this place.
 G = Mean time per level.
                   A        B        C        D        E       F      G
               +--------+--------+--------+--------+--------+-----+--------+
         Total |  25895 |  23398 |   2497 |    754 |  18977 |  26 |  996.0 |
       Dungeon |  15593 |  13766 |   1827 |     48 |  11713 |  15 | 1039.5 |
        Temple |    267 |    260 |      7 |      0 |    253 |   1 |  267.0 |
          Lair |   5036 |   4749 |    287 |     89 |   4082 |   5 | 1007.2 |
   Spider Nest |   1446 |   1329 |    117 |     53 |   1022 |   2 |  723.0 |
  Orcish Mines |   2048 |   1791 |    257 |      0 |   1365 |   2 | 1024.0 |
        Bailey |   1503 |   1503 |      0 |    564 |    540 |   1 | 1503.0 |
               +--------+--------+--------+--------+--------+-----+--------+

Top non-repeatable levels by time:
     D:8: 2008 daAuts
  Bailey: 1503 daAuts
    D:14: 1497 daAuts
  Lair:5: 1464 daAuts
     D:9: 1432 daAuts
     D:1: 1310 daAuts
  Lair:2: 1202 daAuts
     D:2: 1169 daAuts
   Orc:2: 1131 daAuts
    D:15: 1113 daAuts
     D:3: 1090 daAuts
     D:6: 1029 daAuts
   Orc:1: 916 daAuts
     D:7: 911 daAuts
     D:5: 870 daAuts
